AoeStats
← NDF

Arena

503916084Analyzed
1v1 RM · 1mo ago on Sep 3, 2026· 24m 55s· 2 players
Game mode
Random Map
Map size
Tiny (2 player)
Population
200
Speed
Normal
Resources
Standard
Victory
Conquest
Starting age
Dark Age
Ending age
Imperial Age
RankedLock teamsTeams togetherTeam positionsShared explorationLock speedFull tech treeHidden civsTurbo modeCheats
Victory
Defeat
🇦🇷 Teutons · Argentina
432
+18
🇲🇽 Goths · Mexico
473
-18
NDF
4:27 Loom
12:35 Feudal Age
18:30 Castle Age
17:30 Double-Bit Axe
18:10 Horse Collar
18:25 Gold Mining
18:26 Stone Mining
19:15 Arson
20:56 Squires
Z3r0c0ol
4:02 Loom
14:00 Feudal Age
15:17 Wheelbarrow
14:32 Double-Bit Axe
14:31 Horse Collar
15:01 Stone Mining
23:52 Castle Age
23:29 Fletching
Connection lost

Rejoining the realm…

Still unreachable

The connection could not be restored.

Session expired

The server has moved on; the page needs a fresh start.